 Dungeon Crawl Stone Soup version 0.27.0-1-g7a089689b8 (webtiles) character file.

Game seed: 8021686777283446519

151 fiver49 the Cutter (level 5, 0/30 HPs)
             Began as a Vampire Hunter on Aug 3, 2021.
             Killed from afar by an orc wizard (7 damage)
             ... with a puff of flame
             ... on level 3 of the Dungeon.
             The game lasted 00:07:53 (4219 turns).

fiver49 the Cutter (Vampire Hunter)                 Turns: 4219, Time: 00:07:53

Health: 0/30       AC:  5    Str: 12    XL:     5   Next: 10%
Magic:  5/5        EV: 11    Int: 14    God:
Gold:   144        SH:  0    Dex: 14    Spells: 4/4 levels left

rFire    . . .     SeeInvis +   a - +0 short sword
rCold    + + .     Faith    .   (no shield)
rNeg     + + +     Spirit   .   k - +0 ring mail
rPois    ∞         Reflect  .   (no helmet)
rElec    .         Harm     .   (no cloak)
rCorr    .         Rampage  .   (no gloves)
Will     .....                  (no boots)
Stlth    +++.......             (no amulet)
HPRegen  0.00/turn              (no ring)
MPRegen  0.09/turn              (no ring)

@: bloodless, inhibited regen
A: bloodless, fangs 3, see invisible, vampiric 2
a: Bat Form, Revivify


You were on level 3 of the Dungeon.
You visited 1 branch of the dungeon, and saw 3 of its levels.

You collected 144 gold pieces.

Inventory:

Hand Weapons
 a - a +0 short sword (weapon)
 l - a +0 falchion of pain
Missiles
 c - 9 javelins
 d - 2 throwing nets
 i - 5 poisoned darts (quivered)
Armour
 b - a +0 leather armour
 k - a +0 ring mail (worn)
Scrolls
 e - a scroll of teleportation
 o - 2 scrolls of identify {unknown}
 p - 3 scrolls of vulnerability {unknown}
 q - a scroll of enchant armour {unknown}
Potions
 g - a potion of flight {unknown}
 m - a potion of magic {unknown}
 n - 2 potions of curing {unknown}
 r - a potion of heal wounds {unknown}


   Skills:
 - Level 1.7 Fighting
 + Level 5.3 Short Blades
 - Level 3.2 Throwing
 - Level 2.1 Dodging
 - Level 1.5 Stealth


You had 4 spell levels left.
You didn't know any spells.
Your spell library contained the following spells:

 Spells                   Type           Power      Damage    Failure   Level
 Animate Skeleton         Necr           0%         N/A       54%         1
 Apportation              Tloc           0%         N/A       54%         1
 Corona                   Hex            0%         N/A       54%         1
 Summon Small Mammal      Summ           0%         N/A       54%         1
 Frozen Ramparts          Ice            0%         1d2       89%         3
 Ice Form                 Ice/Tmut       0%         N/A       100%        4
 Summon Ice Beast         Ice/Summ       0%         N/A       100%        4


Dungeon Overview and Level Annotations

Branches:
Dungeon (3/15)

Altars:
Gozag
Nemelex Xobeh

Shops:
D:1 (

Annotations:
D:2 Sigmund


Innate Abilities, Weirdness & Mutations

You do not regenerate when monsters are visible.
You are frail without blood (-20% HP).
You can heal yourself when you bite living creatures.
You are immune to poison.
You have razor-sharp teeth.
You have supernaturally acute eyesight. (SInv)
You are afflicted with vampirism and can become a bat while bloodless.


Message History

The orc wizard is severely wounded.
The orc wizard gestures at you while chanting.
You are more confused.
You bump into the rock wall.
The orc wizard hits you but does no damage.
You bump into the rock wall.
The orc wizard hits you but does no damage.
You completely miss the orc wizard.
The orc wizard is severely wounded.
The orc wizard hits you but does no damage.
You bump into the rock wall.
The orc wizard barely misses you.
You bump into the rock wall.
The orc wizard hits you with a +0 dagger.
* * * LOW HITPOINT WARNING * * *
You barely miss the orc wizard.
You bite the orc wizard, but do no damage.
The orc wizard is severely wounded.
The orc wizard hits you but does no damage.
You bump into the rock wall.
The orc wizard hits you but does no damage.
You bump into the rock wall.
The orc wizard hits you but does no damage.
You miss the orc wizard.
The orc wizard is severely wounded.
The orc wizard hits you but does no damage.
You barely miss the orc wizard.
The orc wizard is severely wounded.
You feel less confused.
You barely miss the orc wizard.
The orc wizard is severely wounded.
The orc wizard hits you with a +0 dagger.
* * * LOW HITPOINT WARNING * * *
You closely miss the orc wizard.
The orc wizard is severely wounded.
The orc wizard closely misses you.
You closely miss the orc wizard. Your bite misses the orc wizard.
The orc wizard is severely wounded.
The orc wizard gestures at you while chanting.
The puff of flame hits you!
You die...

#..........###..######.
######...### #..#......
#.#.#####......##.
#.#.##..........#.
.######.#.##.##....#####
..........##.##...##...#
.#####.#....##..##..⌠.. #
#...#.#..####..#......
####.#..##@##.# #..#..._..
#.r..#..##o##.## #..'.8...8
........#..##..# #..#..._..
..........(###.###.##......
.....o....## #......##..⌠..
#########.# ##..#.#.##(..#
#.# #.......##### #..
#....####. ###.###....<....


You could see an orc wizard (invisible).

Vanquished Creatures
  3 gnolls
  3 adders
  4 worms
  2 dart slugs
  4 orcs
  4 endoplasms
  4 giant cockroaches
  10 goblins
  7 hobgoblins
  2 jackals (D:2)
  4 kobolds
  5 quokkas
  3 ball pythons (D:1)
  4 bats
  2 frilled lizards
  6 rats
67 creatures vanquished.

Vanquished Creatures (others)
  An orc wizard (D:3)
1 creature vanquished.

Grand Total: 68 creatures vanquished

Notes
Turn   | Place    | Note
-------+----------+-------------------------------------------
     0 | D:1      | fiver49 the Vampire Hunter began the quest for the Orb.
     0 | D:1      | Reached XP level 1. HP: 16/16 MP: 1/1
    26 | D:1      | Found Jokaul's Antique Weapon Emporium.
   109 | D:1      | Reached skill level 1 in Short Blades
   275 | D:1      | Reached XP level 2. HP: 17/17 MP: 2/2
   295 | D:1      | Reached skill level 2 in Short Blades
  1153 | D:2      | Found a faded altar of an unknown god.
  1239 | D:2      | Reached skill level 3 in Short Blades
  1556 | D:2      | Gained mutation: You are afflicted with vampirism and can
                  | become a bat while bloodless. [Vampire growth]
  1556 | D:2      | Reached XP level 3. HP: 21/21 MP: 3/3
  2341 | D:2      | Noticed Sigmund
  2551 | D:2      | Reached skill level 4 in Short Blades
  2551 | D:2      | Reached XP level 4. HP: 10/26 MP: 4/4
  4000 | D:3      | Reached skill level 5 in Short Blades
  4093 | D:3      | Found a sparkling altar of Nemelex Xobeh.
  4094 | D:3      | Found an opulent altar of Gozag.
  4104 | D:3      | Reached XP level 5. HP: 30/30 MP: 5/5
  4219 | D:3      | Killed from afar by an orc wizard

Illustrated notes

Levels and vault maps discovered:
D:1:      shiori_arrival_elements, layout_basic, serial_shops, shop
D:2:      cheibrodos_greedy_goblins, layout_rooms,
          shapermc_ecumenical_altar_pompeii, minmay_joined_circles, uniq_sigmund
D:3:      layout_basic, grunt_temple_overflow_opulence, columned_hall_lemuel,
          minmay_misc_feat_square

Skill      XL: |  1  2  3  4 |
---------------+-------------+-----
Short Blades   | 1 3 4 5 |  5.3
Fighting       | |  1.7
Throwing       | |  3.2
Dodging        | |  2.1
Stealth        | |  1.5

Action                   |  1- 3 |  4- 6 || total
-------------------------+-------+-------++-------
Melee: Short sword       |   181 |    83 ||   264
       Bite              |    12 |     7 ||    19
Throw: Dart              |     5 |    33 ||    38
       Javelin           |       |     3 ||     3
 Abil: Exsanguinate      |     1 |       ||     1
  Use: Scroll            |     4 |       ||     4
 Stab: Sleeping          |     8 |     2 ||    10
Armor: Leather armour    |    17 |       ||    17
       Ring mail         |    48 |    23 ||    71
Dodge: Dodged            |   109 |    39 ||   148
